 Dungeon Sprint DCSS version 0.15-a0-1866-g491fd59 (webtiles) character file.

714 BluebellGnoll the Fighter (level 7, -10/92 HPs)
             Began as an Ogre Skald on July 4, 2014.
             Was a Follower of Okawaru.
             Mangled by a hill giant
             ... wielding a cursed -3 giant club
              (40 damage)
             ... in the Dungeon (Sprint IX: "|||||||||||||||||||||||||||||").
             The game lasted 00:03:05 (215 turns).

BluebellGnoll the Fighter (Ogre Skald)               Turns: 215, Time: 00:03:05

HP -10/92        AC 11     Str 18      XL: 7   Next: 69%
MP   2/12        EV 13     Int 16      God: Okawaru [*.....]
Gold 0           SH  0     Dex  9      Spells:  3 memorised,  5 levels left

rFire  . . .     SeeInvis .     n - +2 dire flail (protect)
rCold  . . .     Clarity  .     b - +0 robe
rNeg   . . .     rCorr    .     (shield restricted)
rPois  .         rRot     .     (helmet restricted)
rElec  .         Spirit   .     o - +0 cloak
SustAb .         Warding  .     (gloves unavailable)
rMut   .         NoTele   +     (boots unavailable)
Gourm  .                        (no amulet)
MR     .....                    q - +2 ring of protection
                                p - +3 ring of intelligence

@: not resistant to hostile enchantments, very unstealthy
A: unfitting armour, tough skin 1
a: Heroism, Renounce Religion


You were in the Dungeon.
You worshipped Okawaru.
Okawaru was aware of your devotion.
You were not hungry.

You visited 1 branch

Inventory:

Hand weapons
 a - a +0 mace
 n - a +2 dire flail of protection (weapon)
Armour
 b - a +0 robe (worn)
 o - a +0 cloak (worn)
Magical devices
 m - a wand of draining (6)
Comestibles
 d - a meat ration
Scrolls
 j - 2 scrolls of blinking
 k - 3 scrolls of remove curse
 l - 2 scrolls of amnesia
Jewellery
 p - a +3 ring of intelligence (left hand)
 q - a +2 ring of protection (right hand)
Potions
 e - 5 potions of curing
 f - 2 potions of heal wounds
 g - a potion of haste
 h - 4 potions of magic
 i - a potion of invisibility
Books
 c - a book of Battle

   Spells                             Type                      Level
   *Infusion                          Charms                       1
   *Shroud of Golubria                Charms/Translocation         2
   *Song of Slaying                   Charms                       2
   Spectral Weapon                    Hexes/Charms                 3
   Regeneration                       Charms/Necromancy            3


   Skills:
 - Level 12.6 Fighting
 + Level 11.2 Maces & Flails
 - Level 9.3 Dodging
 - Level 2.4 Spellcasting
 - Level 2.1 Charms


You had 5 spell levels left.
You knew the following spells:

 Your Spells              Type           Power        Failure   Level  Hunger
a - Infusion              Chrm           #.....       10%         1    #......
b - Song of Slaying       Chrm           #.......     14%         2    ##.....
c - Shroud of Golubria    Chrm/Tloc      #.........   21%         2    ##.....


Dungeon Overview and Level Annotations

Branches:
Dungeon (1/1)

Altars:
Cheibriados
Dithmenos
Elyvilon
Fedhas
Gozag
Kikubaaqudgha
Makhleb
Nemelex Xobeh
Okawaru
Qazlal
Sif Muna
Trog
Vehumet
Xom
Yredelemnul
Zin
The Shining One
Beogh
Jiyva
Lugonu


Innate Abilities, Weirdness & Mutations

You are too large for most types of armour.
You have tough skin (AC +1).


Message History

The bolt of negative energy hits the hill giant.
The hill giant is drained!
The hill giant is moderately wounded.
This wand has 6 charges left.
You puncture the hill giant!
The hill giant is heavily wounded.
Your song has ended.
You barely miss the hill giant.
The hill giant is heavily wounded.
The hill giant hits you but does no damage.
You completely miss the hill giant.
The hill giant is heavily wounded.
The hill giant hits you with a giant club!!
* * * LOW HITPOINT WARNING * * *
Drink which item? (? for menu, Esc to quit)
You feel much better.
You hit the hill giant.
The hill giant is heavily wounded.
The hill giant hits you with a giant club!!!
You die... ▓▓▓▓▓▓▓▓▓▓▓▓▓▓▓▓▓▓▓▓▓▓▓▓▓▓▓▓▓▓▓ +....))'(.[.[C@..'_____________ ▓▓▓▓▓▓▓▓▓▓▓▓▓▓▓▓▓▓▓▓▓▓▓▓▓▓▓▓▓▓▓

You could see a hill giant.

Vanquished Creatures
  A hill giant (D)
  A yak (D)
  A big kobold (D)
  A scorpion (D)
  A hound (D)
  An orc (D)
  A bat (D)
  A hobgoblin (D)
  2 kobolds (D)
  A quokka (D)
  A giant cockroach (D)
  A giant newt (D)
  2 rats (D)
15 creatures vanquished.

Notes
Turn   | Place    | Note
--------------------------------------------------------------
     0 | D        | BluebellGnoll, the Ogre Skald, began the quest for the Orb.
     0 | D        | Reached XP level 1. HP: 22/22 MP: 3/3
     7 | D        | Reached skill level 3 in Maces & Flails
    12 | D        | Reached skill level 4 in Maces & Flails
    15 | D        | Reached skill level 5 in Maces & Flails
    67 | D        | Noticed a hound
    67 | D        | Noticed a scorpion
    72 | D        | Reached XP level 2. HP: 22/29 MP: 0/5
    75 | D        | Killed a scorpion
    75 | D        | Reached skill level 9 in Maces & Flails
    75 | D        | Reached XP level 3. HP: 36/36 MP: 0/6
    77 | D        | Killed a hound
    77 | D        | Reached skill level 11 in Maces & Flails
    77 | D        | Reached XP level 4. HP: 44/44 MP: 0/8
    91 | D        | Found a glowing silver altar of Zin.
    91 | D        | Found a glowing golden altar of the Shining One.
    91 | D        | Found an ancient bone altar of Kikubaaqudgha.
    91 | D        | Found a basalt altar of Yredelemnul.
    91 | D        | Found a shimmering altar of Xom.
    91 | D        | Found a radiant altar of Vehumet.
    91 | D        | Found an iron altar of Okawaru.
    92 | D        | Found a burning altar of Makhleb.
    93 | D        | Found a deep blue altar of Sif Muna.
    94 | D        | Found a bloodstained altar of Trog.
    95 | D        | Found a sparkling altar of Nemelex Xobeh.
    96 | D        | Found a white marble altar of Elyvilon.
    97 | D        | Found a roughly hewn altar of Beogh.
    98 | D        | Found a viscous altar of Jiyva.
    99 | D        | Found a corrupted altar of Lugonu.
   100 | D        | Became a worshipper of Warmaster Okawaru
   139 | D        | Found a blossoming altar of Fedhas.
   140 | D        | Found a snail-covered altar of Cheibriados.
   141 | D        | Found a shadowy altar of Dithmenos.
   142 | D        | Found a stormy altar of Qazlal.
   143 | D        | Found an opulent altar of Gozag.
   178 | D        | Learned a level 2 spell: Song of Slaying
   181 | D        | Learned a level 2 spell: Shroud of Golubria
   184 | D        | Noticed a hill giant
   184 | D        | Noticed a hill giant
   184 | D        | Noticed a yak
   184 | D        | Noticed a big kobold
   187 | D        | Killed a big kobold
   187 | D        | Reached skill level 5 in Fighting
   187 | D        | Reached XP level 5. HP: 47/59 MP: 3/9
   190 | D        | Killed a yak
   190 | D        | Acquired Okawaru's first power
   190 | D        | Reached XP level 6. HP: 54/74 MP: 3/11
   200 | D        | Killed a hill giant
   200 | D        | Reached skill level 12 in Fighting
   200 | D        | Reached XP level 7. HP: 30/92 MP: 0/12
   215 | D        | Mangled by a hill giant

Action                   |  1- 3 |  4- 6 |  7- 9 || total
-------------------------+-------+-------+-------++-------
Melee: Mace              |    17 |     3 |       ||    20
       Dire flail        |       |    14 |     5 ||    19
 Cast: Infusion          |     2 |     1 |       ||     3
       Shroud of Golubri |       |     1 |       ||     1
       Song of Slaying   |       |     1 |       ||     1
Evoke: Wand              |       |       |     1 ||     1
  Use: Potion            |     1 |       |     1 ||     2
